 Dungeon Crawl Stone Soup version 0.29.1-15-g9cfb28693d (webtiles) character file.

Game seed: 10476687122792717748

47 zeram the Shooter (level 3, 0/18 HPs)
             Began as a Spriggan Hunter on Mar 15, 2023.
             Slain by a goblin
             ... wielding a +0 dagger
             ... led by Robin
              (2 damage)
             ... on level 2 of the Dungeon.
             The game lasted 00:01:13 (1128 turns).

zeram the Shooter (Spriggan Hunter)                 Turns: 1128, Time: 00:01:14

Health: 0/18       AC:  2    Str:  5    XL:     3   Next: 48%
Magic:  4/4        EV: 15    Int: 12    God:
Gold:   102        SH:  0    Dex: 18    Spells: 2/2 levels left

rFire   + . .      SeeInvis +   a - +0 shortbow
rCold   + . .      Faith    .   (shield currently unavailable)
rNeg    . . .      Spirit   .   c - +0 robe
rPois   +          Reflect  .   (helmet restricted)
rElec   +          Harm     .   (no cloak)
rCorr   +          Rampage  .   (gloves unavailable)
Will    .....                   (boots unavailable)
Stlth   ++........              (no amulet)
HPRegen 0.06/turn               (no ring)
MPRegen 0.09/turn               (no ring)

@: resistant, grasped by roots, constricted, very quick
A: very small, no large weapons, unfitting armour, see invisible, speed 3, fangs
1, weak 1, evolution 1
a: no special abilities


You were on level 2 of the Dungeon.
You visited 1 branch of the dungeon, and saw 2 of its levels.

You collected 102 gold pieces.

Inventory:

Hand Weapons
 a - a +0 shortbow (weapon)
Armour
 c - a +0 robe (worn)
Jewellery
 j - a +6 ring of strength
Scrolls
 b - a scroll of immolation
 d - a scroll of blinking {unknown}
 e - a scroll of vulnerability {unknown}
 f - 4 scrolls of enchant weapon {unknown}
 g - a scroll of amnesia {unknown}
 i - a scroll of brand weapon {unknown}
 n - a scroll of teleportation {unknown}
Potions
 h - a potion of degeneration {unknown}
 k - a potion of heal wounds {unknown}
 m - a potion of resistance


   Skills:
 - Level 1.5 Fighting
 + Level 5.2 Ranged Weapons
 + Level 3.0 Dodging
 - Level 1.5 Stealth


You had 2 spell levels left.
You didn't know any spells.
Your spell library was empty.

Dungeon Overview and Level Annotations

Branches:
Dungeon (2/15)

Altars:

Annotations:
D:2 Robin


Innate Abilities, Weirdness & Mutations

You are very small and have problems with some larger weapons.
You are too small for most types of armour.
You have supernaturally acute eyesight. (SInv)
You cover ground extremely quickly. (Speed+++)
You have very sharp teeth.
You are weak. (Str -2)
You have hidden genetic potential.


Message History

Robin is lightly wounded.
The goblin no longer looks unusually strong.
The goblin hits you with a +0 dagger.
Fire: a) +0 shortbow
Press: ? - help, Q - select action Shift-Dir - straight line, f/p - Robin
Aim: Robin, wielding a +0 spear, wearing a +1 animal skin, wearing a +0 helmet and carrying a wand of roots (13) (lightly wounded, 70% to hit)
You shoot an arrow. The arrow barely misses Robin.
The arrow closely misses the hobgoblin.
The arrow hits the goblin!
You kill the goblin!
The goblin closely misses you. The goblin hits you with a +0 dagger.
Robin roars a battlecry!
The goblins go into a battle-frenzy!
Okay, then.
It was a potion of resistance.
You feel protected.
The hobgoblin no longer looks unusually strong.
A goblin comes into view. It is wielding a +0 dagger.
Robin roars a battlecry!
The goblins go into a battle-frenzy!
The goblin barely misses you.
Fire: a) +0 shortbow
Press: ? - help, Q - select action Shift-Dir - straight line, f/p - Robin
Aim: Robin, wielding a +0 spear, wearing a +1 animal skin, wearing a +0 helmet and carrying a wand of roots (13) (lightly wounded, 70% to hit)
You shoot an arrow. The arrow hits Robin.
Robin is lightly wounded.
Robin hits you from afar with a +0 spear.
* * * LOW HITPOINT WARNING * * *
The goblin misses you.
You aren't carrying any items that you can evoke.
It was a potion of mutation.
You feel extremely strange.
You feel weaker.
You feel a hidden potential growing inside you.
Your teeth lengthen and sharpen.
Robin zaps a wand.
The roots erupt in riotous growth!
The grasping roots grab you!
The goblin is unaffected.
The grasping roots constrict you.
* * * LOW HITPOINT WARNING * * *
The goblin hits you with a +0 dagger.
You die...

#.###.#######.#.#....
#..........[..#.##..
#####.#######.# #.#
#.# #.# ##.# #.# #..#
# #.# #.###.#.##
#.######.........
#..g@)ggg..####..
#######gg#..# #.###.#


#gg .# ##.g ## .)g .### .# .# You could see Robin, 2 hobgoblins and 3 goblins.

Vanquished Creatures
  2 adders (D:2)
  2 endoplasms (D:1)
  A giant cockroach (D:2)
  8 goblins
  A hobgoblin (D:2)
  2 quokkas (D:2)
  2 ball pythons (D:1)
  4 bats
  2 frilled lizards (D:1)
  3 kobolds (D:1)
  2 rats (D:1)
29 creatures vanquished.

Notes
Turn   | Place    | Note
-------+----------+-------------------------------------------
     0 | D:1      | zeram the Spriggan Hunter began the quest for the Orb.
     0 | D:1      | Reached XP level 1. HP: 10/10 MP: 2/2
   198 | D:1      | Reached XP level 2. HP: 14/14 MP: 3/3
   928 | D:2      | Reached XP level 3. HP: 12/18 MP: 4/4
  1040 | D:2      | Reached skill level 5 in Ranged Weapons
  1108 | D:2      | Noticed Robin
  1128 | D:2      | Gained mutation: You are weak. (Str -2) [potion of
                  | mutation]
  1128 | D:2      | Gained mutation: You have hidden genetic potential. [potion
                  | of mutation]
  1128 | D:2      | Gained mutation: You have very sharp teeth. [potion of
                  | mutation]
  1128 | D:2      | Slain by a goblin

Illustrated notes

Levels and vault maps discovered:
D:1:      sevenhm_arrival_forest_fort_small_1, layout_loops_ring
D:2:      layout_loops_ring, minmay_misc_feat_plants, kennysheep_generic_room_2,
          uniq_terence, uniq_robin

Skill      XL: |  1  2  3 |
---------------+----------+-----
Ranged Weapons | 5 |  5.2
Dodging        | 3 |  3.0
Fighting       | |  1.5
Stealth        | |  1.5

Action                   || total
-------------------------++-------
 Fire: Shortbow          ||    75
  Use: Potion            ||     2
Armor: Robe              ||     2
Dodge: Dodged            ||    23
